 Dungeon Crawl Stone Soup version 0.17.0-26-gececa24 (console) character file.

142 Kloppie the Skirmisher (level 5, -4/48 HPs)
             Began as a Centaur Hunter on Nov 19, 2015.
             Killed by nerve-wracking pain
             ... invoked by Banto's ghost
              (11 damage)
             ... on level 4 of the Dungeon.
             The game lasted 00:06:02 (3609 turns).

Kloppie the Skirmisher (Centaur Hunter)             Turns: 3609, Time: 00:06:02

Health: -4/48      AC:  6    Str: 14    XL:     5   Next: 4%
Magic:  5/5        EV:  7    Int: 10    God:
Gold:   77         SH:  0    Dex: 11    Spells: 0 memorised, 4 levels left

rFire  . . .     SeeInvis .     u - +0 hand axe
rCold  . . .     Clarity  .     r - +0 scale mail
rNeg   . . .     SustAt   .     (no shield)
rPois  .         Gourm    .     (no helmet)
rElec  .         Spirit   .     (no cloak)
rCorr  .         Warding  .     (no gloves)
rMut   .         Stasis   .     (no barding)
MR     .....                    (no amulet)
Stlth  ..........               (no ring)
                                (no ring)

@: very quick, not resistant to hostile enchantments, extremely unstealthy
A: hooves 3, deformed body, speed 2, tough skin 3
a: no special abilities


You were on level 4 of the Dungeon.
You were not hungry.

You visited 1 branch of the dungeon, and saw 4 of its levels.

You collected 77 gold pieces.

Inventory:

Hand Weapons
 a - a +1 hand crossbow
 b - a +0 short sword
 u - a +0 hand axe (weapon)
Missiles
 d - 44 bolts
Armour
 c - a +0 leather armour
 r - a +0 scale mail (worn)
Scrolls
 f - 3 scrolls of identify {unknown}
 h - 2 scrolls of remove curse {unknown}
 n - a scroll of magic mapping {unknown}
 o - 2 scrolls of recharging {unknown}
 q - a scroll of random uselessness {unknown}
 t - a scroll of enchant weapon {unknown}
Potions
 i - a potion of brilliance {unknown}
 j - 3 potions of curing
 l - a potion of agility {unknown}
 m - a potion of ambrosia {unknown}
 p - a potion of heal wounds {unknown}
 v - a potion of haste {unknown}
Comestibles
 e - 2 bread rations
 g - a meat ration
 k - 8 fruits
 s - a beef jerky


   Skills:
 + Level 5.3 Fighting
 - Level 4.3 Crossbows
 - Level 1.3 Dodging
 - Level 0.5 Stealth


You had 4 spell levels left.
You didn't know any spells.

Dungeon Overview and Level Annotations

Branches:
Dungeon (4/15)
 Temple: D:4-7

Altars:

Annotations:
D:3 Grinder
D:4 Banto's ghost, amateur SpNe; Rationalist's ghost, amateur FoFi


Innate Abilities, Weirdness & Mutations

You have hooves in place of feet.
Armour fits poorly on your strangely shaped body.
You cover ground very quickly.
You have extremely tough skin (AC +3).


Message History

Banto's ghost closely misses you.
Your scale mail prevents you from hitting Banto's ghost.
Banto's ghost hits you.
* * * LOW HITPOINT WARNING * * *
You closely miss Banto's ghost. Banto's ghost hits you.
* * * LOW HITPOINT WARNING * * *
Banto's ghost hits you but does no damage.
You miss Banto's ghost. Your kick misses Banto's ghost. Banto's ghost hits you.
* * * LOW HITPOINT WARNING * * *
You miss Banto's ghost. Banto's ghost barely misses you.
You completely miss Banto's ghost. Your kick misses Banto's ghost.
Banto's ghost hits you.
* * * LOW HITPOINT WARNING * * *
You miss Banto's ghost. Your kick misses Banto's ghost.
Banto's ghost casts a spell at you. Pain shoots through your body!
* * * LOW HITPOINT WARNING * * *
Banto's ghost casts a spell at you. Pain shoots through your body!
You die...

# #.### ....##
#..## #####
#...###...
..#.##.....#.#
......8@.#...#
..##...W###.<#
#.8..# #..#
#....' #..#
#.8..# #..#
#....# #..#
##.8.. ...#
##... ....
#####


You could see Banto's ghost.

Vanquished Creatures
  6 adders
  An ooze (D:2)
  An adder zombie (D:2)
  2 adder skeletons (D:2)
  2 worms (D:2)
  A giant gecko (D:2)
  An orc (D:4)
  6 bats
  2 bat skeletons (D:2)
  A bat zombie (D:2)
  10 hobgoblins
  4 jackals (D:1)
  A ball python (D:1)
  A giant cockroach (D:2)
  A giant cockroach zombie (D:2)
  3 giant newts
  5 goblins
  8 kobolds
  3 quokkas
  9 rats
68 creatures vanquished.

Notes
Turn   | Place    | Note
--------------------------------------------------------------
     0 | D:1      | Kloppie the Centaur Hunter began the quest for the Orb.
     0 | D:1      | Reached XP level 1. HP: 17/17 MP: 1/1
   241 | D:1      | Reached XP level 2. HP: 13/25 MP: 2/2
  1405 | D:2      | Reached XP level 3. HP: 9/31 MP: 3/3
  2059 | D:2      | Reached XP level 4. HP: 9/40 MP: 4/4
  2996 | D:2      | Reached skill level 5 in Fighting
  3357 | D:3      | Noticed Grinder
  3458 | D:3      | Reached XP level 5. HP: 48/48 MP: 5/5
  3539 | D:4      | Noticed Rationalist's ghost (amateur FoFi)
  3600 | D:4      | Noticed Banto's ghost (amateur SpNe)
  3609 | D:4      | Killed from afar by Banto's ghost

Action                   |  1- 3 |  4- 6 || total
-------------------------+-------+-------++-------
Melee: Short sword       |   170 |   126 ||   296
       Hand axe          |       |    46 ||    46
 Fire: Hand crossbow     |     5 |     4 ||     9
  Use: Potion            |       |     3 ||     3
  Eat: Chunk             |     2 |     4 ||     6
       Beef jerky        |     1 |       ||     1
